 Dungeon Crawl Stone Soup version 0.30.1-4-g462c640d31 (webtiles) character file.

Game seed: 17721892134119251304

132 Zeor the Slasher (level 4, 0/33 HPs)
             Began as a Demonspawn Gladiator on Aug 25, 2023.
             Slain by a goblin
             ... wielding a +0 dagger
             ... led by Robin
              (5 damage)
             ... on level 3 of the Dungeon.
             The game lasted 00:06:40 (1925 turns).

Zeor the Slasher (Demonspawn Gladiator)             Turns: 1925, Time: 00:06:41

Health: 0/33       AC:  5    Str: 15    XL:     4   Next: 92%
Magic:  4/4        EV: 17    Int:  9    God:
Gold:   27         SH:  0    Dex: 16    Spells: 3/3 levels left

rFire   + . .        a - +0 long sword
rCold   x . .        (no shield)
rNeg    . . .        b - +0 leather armour
rPois   .            (helmet restricted)
rElec   .            f - +0 cloak "Dafi" {+Inv rF+ rC- Slay+3}
rCorr   .            (no gloves)
SInv    .            k - +0 pair of boots
Will    .....        (no amulet)
Stlth   +            i - +5 ring of evasion
HPRegen 0.25/turn    (no ring)
MPRegen 0.09/turn

%: no passive effects
@: lethally poisoned (0 -> -23)
A: antennae 1
a: Evoke Invisibility


You were on level 3 of the Dungeon.
You visited 1 branch of the dungeon, and saw 3 of its levels.

You collected 27 gold pieces.

Inventory:

Hand Weapons
 a - a +0 long sword (weapon)
Missiles
 d - 3 throwing nets (quivered)
 e - 4 javelins
Armour
 b - a +0 leather armour (worn)
 f - the +0 cloak "Dafi" (worn) {+Inv rF+ rC- Slay+3}
   (You acquired it on level 2 of the Dungeon)

   Slay:      It affects your accuracy & damage with ranged weapons and melee
   (+3).
   rF:        It protects you from fire.
   rC:        It makes you vulnerable to cold.
   +Inv:      It lets you turn invisible.
 k - a +0 pair of boots (worn)
Jewellery
 i - a +5 ring of evasion (left hand)
Potions
 g - a potion of mutation
 j - a potion of cancellation


   Skills:
 + Level 2.2 Fighting
 * Level 4.6 Long Blades
 + Level 1.9 Throwing
 + Level 0.7 Armour
 * Level 3.0 Dodging
 + Level 0.2 Stealth


You had 3 spell levels left.
You didn't know any spells.
Your spell library was empty.

Dungeon Overview and Level Annotations

Branches:
Dungeon (3/15)

Altars:

Annotations:
D:3 exclusion: goblin, Robin


Innate Abilities, Weirdness & Mutations

You have a pair of small antennae on your head.


Message History

The goblin is severely wounded.
The goblin hits you but does no damage.
Robin roars a battlecry!
The goblin goes into a battle-frenzy!
You closely miss the goblin.
The goblin is severely wounded.
Robin throws the goblin at you! The goblin hits you with a +0 dagger.
The goblin hits you but does no damage. x3
You hit the goblin.
You kill the goblin!
Robin throws the goblin at you! The goblin hits you with a +0 dagger.
Robin says, "Bow before me, strongest of all the hobgoblins!"
You barely miss the goblin.
The goblin is severely wounded.
The goblin no longer looks unusually strong.
Robin hits you but does no damage.
You are poisoned.
The goblin hits you but does no damage.
Robin roars a battlecry!
The goblin goes into a battle-frenzy!
You barely miss the goblin.
The goblin is severely wounded.
You feel very sick. The goblin misses you. Robin misses you.
You hit the goblin but do no damage.
The goblin is severely wounded.
You feel sick.
The hobgoblin no longer looks unusually strong.
Robin hits you but does no damage.
You are more poisoned.
The goblin hits you with a +0 dagger. Robin completely misses you.
You slash Robin!
Robin is severely wounded.
* * * LOW HITPOINT WARNING * * *
You feel very sick. Robin hits you with a +1 whip of venom.
* * * LOW HITPOINT WARNING * * *
You are more poisoned.
The goblin hits you with a +0 dagger.
You die...

▒∙▒ ▒∙▒ ▒∙▒
▒∙▒∙▒ ▒∙▒∙▒
▒∙▒∙▒ ▒∙▒<▒
▒▒▒▒▒▒▒▒▒▒▒▒
▒∙▒▒▒
∙∙∙∙∙gg6g∙∙▒
▒∙▒ ▒
▒▒▒▒▒▒▒▒▒▒∙▒
▒∙▒ ▒ ▒∙▒ ▒∙▒▒▒
▒∙▒▒▒▒▒▒▒▒▒∙∙∙▒
▒∙∙∙∙∙∙∙∙∙∙∙▒∙∙
▒▒▒▒▒▒▒▒▒▒▒▒▒▒▒


You could see Robin (fast), a hobgoblin and a goblin (strong).

Vanquished Creatures
  Jessica (D:2)
  Natasha (D:3)
  2 adders (D:2)
  4 dart slugs
  5 ball pythons (D:1)
  4 bats
  4 endoplasms (D:1)
  2 giant cockroaches (D:2)
  4 hobgoblins
  2 jackals (D:2)
  4 quokkas
  2 frilled lizards
  6 goblins
  4 kobolds
  9 rats
54 creatures vanquished.

Notes
Turn   | Place    | Note
-------+----------+-------------------------------------------
     0 | D:1      | Zeor the Demonspawn Gladiator began the quest for the Orb.
     0 | D:1      | Reached XP level 1. HP: 16/16 MP: 1/1
   120 | D:1      | Reached skill level 3 in Long Blades
   120 | D:1      | Gained mutation: You have a pair of small antennae on your
                  | head. [demonic ancestry]
   120 | D:1      | Reached XP level 2. HP: 22/22 MP: 2/2
   631 | D:1      | Reached XP level 3. HP: 27/27 MP: 3/3
   933 | D:2      | Identified a scroll of acquirement
   933 | D:2      | Acquired the +0 cloak "Dafi" {+Inv rF+ rC- Slay+3}
  1186 | D:2      | Reached skill level 4 in Long Blades
  1320 | D:2      | Reached XP level 4. HP: 33/33 MP: 4/4
  1329 | D:2      | Noticed Jessica
  1334 | D:2      | Killed Jessica
  1778 | D:3      | Noticed Natasha
  1799 | D:3      | Killed Natasha
  1903 | D:3      | Noticed Robin
  1925 | D:3      | Slain by a goblin

Illustrated notes

Levels and vault maps discovered:
D:1:      dpeg_arrival_solitude, layout_basic, chequers_mini_garden,
          minmay_misc_feat_nine_boxes, minmay_tromino_v7
D:2:      layout_loops_corners, chequers_serial_rivers_small_a,
          skrybe_limestone_x, uniq_jessica
D:3:      layout_basic, mainiacjoe_overflow_catwalk,
          hellmonk_ecumenical_altar_pennies_from_heaven, minmay_strange_pillars,
          chequers_serial_rivers_marsh, amcnicky_mini_corridor_feature,
          minmay_goblin_outpost, uniq_robin, uniq_natasha

Skill      XL: |  1  2  3  4 |
---------------+-------------+-----
Long Blades    | 3 4 |  4.6
Dodging        | 3 |  3.0
Fighting       | |  2.2
Throwing       | |  1.9
Armour         | |  0.7
Stealth        | |  0.2

Action                     |  1- 3 |  4- 6 || total
---------------------------+-------+-------++-------
  Melee: Long sword        |   118 |    44 ||   162
         Punch             |     2 |       ||     2
    Use: Scroll            |     3 |       ||     3
         Potion            |       |     2 ||     2
 Armour: Leather armour    |    19 |    18 ||    37
  Dodge: Dodged            |    97 |    59 ||   156
